 Dungeon Crawl Stone Soup version 0.19-a0-1337-g9bf5fb0 (webtiles) character file.

751 Magifyre the Cleaver (level 7, -4/41 HPs)
             Began as a Gargoyle Berserker on Aug 31, 2016.
             Was an Elder of Trog.
             Slain by an ogre
             ... wielding a +0 giant spiked club
              (13 damage)
             ... on level 5 of the Dungeon.
             The game lasted 00:10:00 (4272 turns).

Magifyre the Cleaver (Gargoyle Berserker)           Turns: 4272, Time: 00:10:01

Health: -4/41      AC: 13    Str: 22    XL:     7   Next: 78%
Magic:  0/7        EV: 11    Int:  8    God:    Trog [****..]
Gold:   212        SH:  0    Dex:  9    Spells: 0 memorised, 6 levels left

rFire  . . .     SeeInvis .     a - +0 hand axe
rCold  . . .     Gourm    .     B - +0 leather armour (curse)
rNeg   + . .     Faith    .     (no shield)
rPois  ∞         Spirit   +     s - +0 helmet
rElec  +         Dismiss  .     (no cloak)
rCorr  .         Reflect  .     i - +2 pair of gloves
MR     .....     Harm     .     q - +0 pair of boots
Stlth  +.........               n - amulet of guardian spirit
                                (no ring)
                                (no ring)

@: no status effects
A: negative energy resistance 1, electricity resistance, unbreathing,
petrification resistance, rot immunity, AC +4
a: Berserk, Trog's Hand, Brothers in Arms, Burn Spellbooks, Renounce Religion


You were on level 5 of the Dungeon.
You worshipped Trog.
Trog was greatly pleased with you.
You were very hungry.

You visited 1 branch of the dungeon, and saw 5 of its levels.
You also visited: Ossuary.

You collected 212 gold pieces.

Inventory:

Hand Weapons
 a - a +0 hand axe (weapon)
Armour
 i - a +2 pair of gloves (worn)
 q - a +0 pair of boots (worn)
 s - a +0 helmet (worn)
 B - a cursed +0 leather armour (worn)
Jewellery
 n - an amulet of guardian spirit (around neck)
Wands
 r - a wand of flame (36/48)
Scrolls
 b - 3 scrolls of remove curse {unknown}
 g - 5 scrolls of identify {unknown}
 j - a scroll of blinking {unknown}
 k - 2 scrolls of noise {unknown}
 l - a scroll of recharging {unknown}
 m - 2 scrolls of enchant weapon {unknown}
 o - a scroll of fog {unknown}
 p - 2 scrolls of magic mapping {unknown}
 y - a scroll of fear {unknown}
 z - a scroll of teleportation {unknown}
Potions
 d - 2 potions of beneficial mutation {unknown}
 e - a potion of might {unknown}
 f - 4 potions of heal wounds {unknown}
 h - 2 potions of agility {unknown}
 t - 4 potions of curing {unknown}
 u - a potion of flight {unknown}
 v - 2 potions of cure mutation {unknown}
 w - a potion of ambrosia {unknown}
 x - a potion of berserk rage {unknown}
Comestibles
 c - 5 bread rations


   Skills:
 - Level 3.2 Fighting
 + Level 8.1 Axes
 - Level 2.1 Armour
 - Level 1.5 Dodging


You had 6 spell levels left.
You didn't know any spells.

Dungeon Overview and Level Annotations

Branches:
Dungeon (5/15)
 Temple: D:4-7

Altars:


Innate Abilities, Weirdness & Mutations

You are resistant to torment.
Your stone body is resilient. (AC +4)
You are immune to poison.
You resist negative energy. (rN+)
You are resistant to electric shocks. (rElec)
You can survive without breathing.
You are immune to petrification.
You are immune to rotting.


Message History

You are too injured to fight recklessly!
You're too hungry to go berserk.
You barely miss the ogre.
The ogre is moderately wounded.
The ogre barely misses you.
You barely miss the ogre.
The ogre is moderately wounded.
You hit the ogre.
The ogre is heavily wounded.
The ogre barely misses you.
You're too hungry to go berserk.
You start eating one of the 5 bread rations.
The ogre closely misses you.
Keep eating?
You stop eating.
You start eating one of the 5 bread rations.
Keep eating?
You continue eating.
The ogre hits you with a giant spiked club!
You die...

####.# ...#.# ##..!.# #.
##.....#### #.
#......... #.# #......
##.## #O..#
#######...#####@###...
#......................
##...##.....########..##
............# ..
............#
............#
##...##.....#
#...##.##### ###.###.#


You could see an ogre.

Vanquished Creatures
  Grinder (D:5)
  An ice beast (D:5)
  A scorpion (D:4)
  A hound (D:4)
  A quasit (D:5)
  An orc wizard (D:3)
  A worker ant (D:4)
  4 big kobold zombies (Ossuary)
  2 mummies
  A hound skeleton (D:5)
  Robin (D:3)
  4 adders
  2 oozes
  A worm (D:2)
  3 dart slugs
  4 orcs (D:3)
  4 spectral bats (Ossuary)
  A ball python (D:2)
  5 bats (D:1)
  2 giant cockroaches
  14 goblins
  11 hobgoblins
  10 jackals
  6 kobolds
  3 quokkas
  4 bat simulacra (Ossuary)
  A giant gecko skeleton (D:4)
  4 giant newts
  8 gnoll zombies (Ossuary)
  2 goblin simulacra (Ossuary)
  4 goblin zombies (Ossuary)
  2 hobgoblin zombies (Ossuary)
  A jackal skeleton (D:5)
  3 kobold simulacra (Ossuary)
  8 kobold zombies (Ossuary)
  4 orc zombies (Ossuary)
  4 rats
  A rat simulacrum (Ossuary)
  2 spectral goblins (Ossuary)
  4 spectral kobolds (Ossuary)
  2 spectral rats (Ossuary)
139 creatures vanquished.

Notes
Turn   | Place    | Note
-------+----------+-------------------------------------------
     0 | D:1      | Magifyre the Gargoyle Berserker began the quest for the Orb.
     0 | D:1      | Reached XP level 1. HP: 14/14 MP: 1/1
   103 | D:1      | Reached skill level 3 in Axes
   145 | D:1      | Reached XP level 2. HP: 17/19 MP: 2/2
   245 | D:1      | Reached XP level 3. HP: 18/23 MP: 3/3
   493 | D:1      | Reached ** piety under Trog
   667 | D:2      | Reached skill level 4 in Axes
  1153 | D:2      | Reached XP level 4. HP: 28/28 MP: 4/4
  1446 | D:3      | Reached skill level 5 in Axes
  1449 | D:3      | Reached XP level 5. HP: 21/32 MP: 2/5
  1707 | D:3      | Noticed Robin
  1741 | D:3      | Killed Robin
  1743 | D:3      | Reached *** piety under Trog
  2730 | D:4      | Found a sand-covered staircase.
  2916 | Ossuary  | Entered an ossuary
  3008 | Ossuary  | Reached XP level 6. HP: 24/37 MP: 3/6
  3043 | Ossuary  | Reached skill level 6 in Axes
  3350 | Ossuary  | Reached **** piety under Trog
  4087 | D:5      | Entered Level 5 of the Dungeon
  4095 | D:5      | Reached XP level 7. HP: 41/41 MP: 7/7
  4102 | D:5      | Noticed Grinder
  4107 | D:5      | Reached skill level 7 in Axes
  4114 | D:5      | Paralysed by Grinder for 2 turns
  4144 | D:5      | Paralysed by Grinder for 6 turns
  4156 | D:5      | Killed Grinder
  4192 | D:5      | Reached skill level 8 in Axes
  4272 | D:5      | Slain by an ogre

Vault maps used:
D:1:      minmay_arrival_nine_rooms
D:2:      kennysheep_another_room
D:3:      first_bread, uniq_robin
D:4:      gup_ossuary_entry_pyramid, minmay_misc_feat_room
D:5:      kennysheep_opposing_triangles, uniq_grinder, uniq_sigmund
Ossuary:  ossuary_zaba_two_paths

Skill      XL: |  1  2  3  4  5  6  7 |
---------------+----------------------+-----
Axes           | 3 4 5 6 8 |  8.1
Fighting       | |  3.2
Armour         | |  2.1
Dodging        | |  1.5

Action                   |  1- 3 |  4- 6 |  7- 9 || total
-------------------------+-------+-------+-------++-------
Melee: Hand axe          |    97 |   428 |    59 ||   584
Invok: Berserk           |     1 |       |       ||     1
       Trog's Hand       |       |     1 |     2 ||     3
 Stab: Distracted        |       |     1 |       ||     1
  Eat: Chunk             |     2 |     4 |       ||     6
       Pizza             |       |     1 |       ||     1
       Meat ration       |       |     1 |       ||     1
Armor: Animal skin       |    10 |       |       ||    10
       Leather armour    |    46 |   167 |    69 ||   282
Dodge: Dodged            |    82 |   189 |    46 ||   317
